 Dungeon Crawl Stone Soup version 0.29-a0-555-g3b24f45cc1 (webtiles) character file.

Game seed: 12576194880728518474

431 KateP the Conjurer (level 6, -3/32 HPs)
             Began as a Deep Elf Conjurer on June 8, 2022.
             Slain by an iguana (7 damage)
             ... on level 4 of the Dungeon.
             The game lasted 00:09:05 (4901 turns).

KateP the Conjurer (Deep Elf Conjurer)              Turns: 4901, Time: 00:09:05

Health: -3/32      AC:  4    Str:  4    XL:     6   Next: 66%
Magic:  0/16       EV: 13    Int: 25    God:
Gold:   272        SH:  0    Dex: 13    Spells: 14/15 levels left

rFire   . . .      SeeInvis .   l - +0 rapier (chaos)
rCold   . . .      Faith    .   (no shield)
rNeg    . . .      Spirit   .   n - +1 robe "Gafenk" {rElec rPois}
rPois   +          Reflect  .   (no helmet)
rElec   +          Harm     .   m - +0 cloak
rCorr   .          Rampage  .   (no gloves)
Will    .....                   (no boots)
Stlth   +++.......              (no amulet)
HPRegen 0.10/turn               (no ring)
MPRegen 0.15/turn               (no ring)

@: no status effects
A: no striking features
a: no special abilities


You were on level 4 of the Dungeon.
You visited 1 branch of the dungeon, and saw 5 of its levels.

You collected 272 gold pieces.

Inventory:

Hand Weapons
 l - a +0 rapier of chaos (weapon)
Armour
 m - a +0 cloak (worn)
 n - the +1 robe "Gafenk" (worn) {rElec rPois}
   (You found it on level 3 of the Dungeon)

   rElec:     It insulates you from electricity.
   rPois:     It protects you from poison.
Scrolls
 a - a scroll of identify
 g - a scroll of magic mapping {unknown}
Potions
 b - a potion of magic
 c - a potion of resistance {unknown}
 d - a potion of might {unknown}
 e - 7 potions of curing
 f - a potion of haste {unknown}
 h - a potion of cancellation {unknown}


   Skills:
 + Level 4.7 Dodging
 + Level 5.0 Stealth
 + Level 5.4 Spellcasting
 + Level 5.8 Conjurations


You had 14 spell levels left.
You knew the following spells:

 Your Spells              Type           Power      Damage    Failure   Level
a - Magic Dart            Conj           100%       1d8       1%          1

Your spell library contained the following spells:

 Spells                   Type           Power      Damage    Failure   Level
 Searing Ray              Conj           72%        2d7       1%          2
 Dazzling Flash           Conj/Hex       42%        N/A       7%          3
 Apportation              Tloc           12%        N/A       8%          1
 Necrotize                Necr           24%        1d5       8%          1
 Summon Small Mammal      Summ           24%        N/A       8%          1
 Call Canine Familiar     Summ           6%         N/A       24%         3
 Portal Projectile        Hex/Tloc       12%        N/A       24%         3
 Fulminant Prism          Conj/Hex       10%        3d9       24%         4
 Iskenderun's Mystic Bla  Conj/Tloc      21%        2d6       24%         4
 Leda's Liquefaction      Hex/Erth       3%         N/A       61%         4


Dungeon Overview and Level Annotations

Branches:
Dungeon (5/15)
 Temple: D:4-7

Altars:
Dithmenos
Elyvilon
Gozag
Nemelex Xobeh
Sif Muna


Message History

Aiming: Magic Dart (safe; 1% risk of failure)
Press: ? - help, Shift-Dir - straight line, f/p - iguana
Aim: an iguana (heavily wounded, 100% to hit)
The magic dart hits the iguana.
The iguana is heavily wounded.
Casting: Magic Dart (safe; 1% risk of failure)
Confirm with . or Enter, or press ? or * to list all spells.
Aiming: Magic Dart (safe; 1% risk of failure)
Press: ? - help, Shift-Dir - straight line, f/p - iguana
Aim: an iguana (heavily wounded, 100% to hit)
The magic dart hits the iguana.
The iguana is severely wounded.
Casting: Magic Dart (safe; 1% risk of failure)
Confirm with . or Enter, or press ? or * to list all spells.
You don't have enough magic to cast this spell.
Unknown command.
You see here a scorpion corpse.
You barely miss the iguana.
The iguana is severely wounded.
The iguana bites you!
Casting: Magic Dart (safe; 1% risk of failure)
Confirm with . or Enter, or press ? or * to list all spells.
Aiming: Magic Dart (safe; 1% risk of failure)
Press: ? - help, Shift-Dir - straight line, f/p - iguana
Aim: an iguana (severely wounded, 100% to hit)
The magic dart hits the iguana but does no damage.
The iguana is severely wounded.
The iguana closely misses you.
Casting: Magic Dart (safe; 1% risk of failure)
Confirm with . or Enter, or press ? or * to list all spells.
You don't have enough magic to cast this spell.
Unknown command.
The iguana attacks as you move away! The iguana bites you!
* * * LOW HITPOINT WARNING * * *
There is a stone staircase leading up here.
The iguana barely misses you.
You climb upwards.
There is a stone staircase leading down here.
The iguana attacks as you move away! The iguana bites you!
You die...

..##.....#...#...#.###########.#
..##.###.###.##..#..........##s#
..##.......#.##..##########.##.##
..######...#.....# #....#. ?.#
##..####..# #########.
..#######..# #..# #...# #.
..##...#...# #..# #.#.# #.
..##.#.#..#####l.#######.#.#####.
..##.#.#.......)@......#.#.......
..##.#.#.#############.#.########
.......#..### #.#....#
........<...# #.####.#
......#####.# #.####.#
............# ####...##.#
.........#### #.......#.#
....†.##.# #.........# .......#.#
#.......###


You could see an iguana.

Vanquished Creatures
  A phantom (D:4)
  2 scorpions
  A hound (D:4)
  Natasha (thrice) (D:4)
  6 adders
  A shadow imp (D:3)
  An ufetubus (D:5)
  A worm (D:3)
  2 dart slugs
  9 ball pythons
  9 endoplasms
  4 giant cockroaches
  4 goblins
  6 hobgoblins
  6 kobolds
  2 quokkas
  3 bats (D:2)
  2 frilled lizards (D:1)
  5 rats
68 creatures vanquished.

Notes
Turn   | Place    | Note
-------+----------+-------------------------------------------
     0 | D:1      | KateP the Deep Elf Conjurer began the quest for the Orb.
     0 | D:1      | Reached XP level 1. HP: 10/10 MP: 6/6
   456 | D:1      | Reached XP level 2. HP: 15/15 MP: 2/8
  1006 | D:1      | Found a faded altar of an unknown god.
  1030 | D:1      | Reached XP level 3. HP: 19/19 MP: 6/10
  2228 | D:2      | Reached XP level 4. HP: 24/24 MP: 8/12
  2229 | D:2      | Reached skill level 5 in Conjurations
  2700 | D:3      | Found a shadowy altar of Dithmenos.
  3218 | D:3      | Identified the +1 robe "Gafenk" {rElec rPois}
  3563 | D:4      | Noticed a phantom
  3573 | D:4      | Killed a phantom
  3574 | D:4      | Reached XP level 5. HP: 7/28 MP: 3/13
  3957 | D:4      | Noticed Natasha
  3960 | D:4      | Killed Natasha
  3973 | D:4      | Noticed Natasha
  3981 | D:4      | Killed Natasha
  3982 | D:4      | Reached skill level 5 in Spellcasting
  3982 | D:4      | Reached XP level 6. HP: 32/32 MP: 6/15
  4558 | D:4      | Noticed Natasha
  4563 | D:4      | Killed Natasha
  4722 | D:5      | Entered Level 5 of the Dungeon
  4723 | D:5      | Found an opulent altar of Gozag.
  4763 | D:5      | Found a shimmering blue altar of Sif Muna.
  4764 | D:5      | Found a sparkling altar of Nemelex Xobeh.
  4767 | D:5      | Found a white marble altar of Elyvilon.
  4889 | D:5      | Reached skill level 5 in Stealth
  4901 | D:4      | Slain by an iguana

Illustrated notes

Levels and vault maps discovered:
D:1:      minmay_arrival_nine_rooms, layout_loops_cross,
          shapermc_ecumenical_altar_notcrosses, minmay_pentomino_q4
D:2:      layout_basic
D:3:      layout_loops_ring, grunt_dithmenos_smoke_and_mirrors,
          ebering_dispersal_statue_hall
D:4:      layout_basic, uniq_natasha
D:5:      layout_basic, minitemple

Skill      XL: |  1  2  3  4  5  6 |
---------------+-------------------+-----
Stealth        | 3 4 5 |  5.0
Dodging        | 3 4 |  4.7
Spellcasting   | 4 5 |  5.4
Conjurations   | 5 |  5.8

Action                   |  1- 3 |  4- 6 || total
-------------------------+-------+-------++-------
Melee: Unarmed           |    11 |       ||    11
       Rapier            |       |     1 ||     1
 Cast: Magic Dart        |    76 |   106 ||   182
  Use: Scroll            |       |     7 ||     7
       Potion            |       |     2 ||     2
Armor: Robe              |     4 |     4 ||     8
Dodge: Dodged            |    19 |    28 ||    47

Table legend: (Time is in decaauts)
 A = Elapsed time spent in this place.
 B = Non-inter-level travel time spent in this place.
 C = Inter-level travel time spent in this place.
 D = Time resting spent in this place.
 E = Time spent auto-exploring this place.
 F = Levels seen in this place.
 G = Mean time per level.
                   A        B        C        D        E       F      G
               +--------+--------+--------+--------+--------+-----+--------+
         Total |   4909 |   4909 |      0 |    342 |   3801 |   5 |  981.8 |
       Dungeon |   4909 |   4909 |      0 |    342 |   3801 |   5 |  981.8 |
               +--------+--------+--------+--------+--------+-----+--------+

Top non-repeatable levels by time:
     D:1: 1388 daAuts
     D:4: 1362 daAuts
     D:2: 1092 daAuts
     D:3: 956 daAuts
     D:5: 109 daAuts
